SAA
IRVING BLUE SOX @ LONG ISLAND SEAWOLVES
05/08/2034
 
TOP OF THE 1ST
Irving Blue Sox batting - Pitching for Long Island Seawolves : RHP Joe Wilson
Pitching: RHP Joe Wilson
Batting: LHB Brenton Winston 0-0: Ball
1-0: Called Strike
1-1: Called Strike
1-2: Fly out, F9 (Line Drive, 9D)
Batting: RHB Carlos Garza 0-0: Ball
1-0: Ball
2-0: Ground out 6-3 (Groundball, 6MS)
Batting: LHB Salvador Ramírez 0-0: Called Strike
0-1: Swinging Strike
0-2: Ball
1-2: Strikes out swinging
Top of the 1st over - 0 runs, 0 hits, 0 errors, 0 left on base; Irving 0 - Long Island 0
BOTTOM OF THE 1ST
Long Island Seawolves batting - Pitching for Irving Blue Sox : LHP Craig Fitzgerald
Pitching: LHP Craig Fitzgerald
Batting: SHB Cheong-hun Kang 0-0: Foul Ball, location: 2F
0-1: Ball
1-1: Ground out 6-3 (Groundball, 6)
Batting: RHB Taua Naituyaga 0-0: Foul Ball, location: 2F
0-1: Swinging Strike
0-2: Ball
1-2: Strikes out swinging
Batting: RHB John Shultz 0-0: Ball
1-0: Called Strike
1-1: Ball
2-1: Fly out, F7 (Flyball, 78S)
Bottom of the 1st over - 0 runs, 0 hits, 0 errors, 0 left on base; Irving 0 - Long Island 0
TOP OF THE 2ND
Irving Blue Sox batting - Pitching for Long Island Seawolves : RHP Joe Wilson
Batting: LHB Juan Jimínez 0-0: Foul Ball, location: 2F
0-1: Ball
1-1: Fly out, F7 (Flyball, 7)
Batting: LHB Rafael Longoria 0-0: Ball
1-0: Foul Ball, location: 2F
1-1: Ball
2-1: SOLO HOME RUN (Flyball, 89XD), Distance : 365 ft
Batting: SHB Ryan Wood 0-0: Ball
1-0: Called Strike
1-1: Ball
2-1: Ball
3-1: Ground out 6-3 (Groundball, 6M)
Batting: LHB Ed Gordon 0-0: Called Strike
0-1: Foul Ball, location: 2F
0-2: Fly out, F4 (Line Drive, 4)
Top of the 2nd over - 1 run, 1 hit, 0 errors, 0 left on base; Irving 1 - Long Island 0
BOTTOM OF THE 2ND
Long Island Seawolves batting - Pitching for Irving Blue Sox : LHP Craig Fitzgerald
Batting: RHB John Mayasich 0-0: Ball
1-0: Ball
2-0: Ball
3-0: Called Strike
3-1: SINGLE (Flyball, 78S)
Batting: RHB Domingo Morín 0-0: Ball
1-0: SINGLE (Flyball, 89S)
John Mayasich to second
Runner from 2nd tries for 3rd, SAFE, no throw
Batting: RHB Javier De La Garza 0-0: Called Strike
0-1: Swinging Strike
0-2: Strikes out swinging
Batting: SHB Alexei Ponikarov 0-0: Called Strike
0-1: Swinging Strike
0-2: SINGLE (Groundball, 6MD)
John Mayasich scores
Domingo Morín to second
Batting: RHB Shigeaki Samurakami 0-0: Called Strike
0-1: Ball
1-1: Ground out 6-3 (Groundball, 6S)
Domingo Morín to third
Alexei Ponikarov to second
Batting: RHB Wes O'Mulhill 0-0: Ball
1-0: Called Strike
1-1: Ball
2-1: Ball
3-1: Swinging Strike
3-2: Foul Ball, location: 2F
3-2: Fly out, F6 (Popup, 6M)
Bottom of the 2nd over - 1 run, 3 hits, 0 errors, 2 left on base; Irving 1 - Long Island 1
TOP OF THE 3RD
Irving Blue Sox batting - Pitching for Long Island Seawolves : RHP Joe Wilson
Batting: RHB Enrique Gómez 0-0: Swinging Strike
0-1: Fly out, F7 (Flyball, 7)
Batting: RHB Javier Sandoval 0-0: Called Strike
0-1: Foul Ball, location: 2F
0-2: Strikes out swinging
Batting: LHB Brenton Winston 0-0: Called Strike
0-1: Foul Ball, location: 2F
0-2: Ball
1-2: Ball
2-2: Strikes out looking
Top of the 3rd over - 0 runs, 0 hits, 0 errors, 0 left on base; Irving 1 - Long Island 1
BOTTOM OF THE 3RD
Long Island Seawolves batting - Pitching for Irving Blue Sox : LHP Craig Fitzgerald
Batting: SHB Cheong-hun Kang 0-0: Ball
1-0: Ground out 1-3 (Groundball, 13)
Batting: RHB Taua Naituyaga 0-0: Ball
1-0: Called Strike
1-1: Ball
2-1: Foul Ball, location: 2F
2-2: Fly out, F8 (Flyball, 8RM)
Batting: RHB John Shultz 0-0: Called Strike
0-1: Fly out, F7 (Line Drive, 7)
Bottom of the 3rd over - 0 runs, 0 hits, 0 errors, 0 left on base; Irving 1 - Long Island 1
TOP OF THE 4TH
Irving Blue Sox batting - Pitching for Long Island Seawolves : RHP Joe Wilson
Batting: RHB Carlos Garza 0-0: Ball
1-0: Called Strike
1-1: Ball
2-1: Called Strike
2-2: Foul Ball, location: 2F
2-2: Strikes out swinging
Batting: LHB Salvador Ramírez 0-0: Ball
1-0: Called Strike
1-1: Fly out, F8 (Flyball, 8RS)
Batting: LHB Juan Jimínez 0-0: Fly out, F9 (Flyball, 9)
Top of the 4th over - 0 runs, 0 hits, 0 errors, 0 left on base; Irving 1 - Long Island 1
BOTTOM OF THE 4TH
Long Island Seawolves batting - Pitching for Irving Blue Sox : LHP Craig Fitzgerald
Batting: RHB John Mayasich 0-0: SINGLE (Line Drive, 78S)
Batting: RHB Domingo Morín 0-0: Ball
1-0: Swinging Strike
1-1: Foul Ball, location: 2F
1-2: Strikes out swinging
Batting: RHB Javier De La Garza 0-0: Called Strike
0-1: Ball
1-1: Ball
2-1: Foul Ball, location: 2F
2-2: Strikes out looking
Batting: SHB Alexei Ponikarov 0-0: Ball
1-0: Reached on error, E1 (Groundball, 15S)
John Mayasich to third
Batting: RHB Shigeaki Samurakami 0-0: Foul Ball, location: 2F
0-1: Ball
1-1: Swinging Strike
1-2: Ball
2-2: Strikes out looking
Bottom of the 4th over - 0 runs, 1 hit, 1 error, 2 left on base; Irving 1 - Long Island 1
TOP OF THE 5TH
Irving Blue Sox batting - Pitching for Long Island Seawolves : RHP Joe Wilson
Batting: LHB Rafael Longoria 0-0: Called Strike
0-1: Ball
1-1: Foul Ball, location: 2F
1-2: Ball
2-2: SINGLE (Groundball, 34S) (infield hit)
Batting: SHB Ryan Wood 0-0: Ball
1-0: Fly out, F4 (Popup, 4M)
Batting: LHB Ed Gordon 0-0: Foul Ball, location: 2F
0-1: Ball
1-1: Fly out, F4 (Line Drive, 4)
Batting: RHB Enrique Gómez 0-0: Called Strike
0-1: Ball
1-1: 2-RUN HOME RUN (Line Drive, 7D), Distance : 362 ft
Batting: RHB Javier Sandoval 0-0: Ground out 1-3 (Groundball, 13)
Top of the 5th over - 2 runs, 2 hits, 0 errors, 0 left on base; Irving 3 - Long Island 1
BOTTOM OF THE 5TH
Long Island Seawolves batting - Pitching for Irving Blue Sox : LHP Craig Fitzgerald
Batting: RHB Wes O'Mulhill 0-0: Ball
1-0: Ball
2-0: Fly out, F7 (Flyball, 7)
Batting: SHB Cheong-hun Kang 0-0: Foul Ball, location: 2F
0-1: SINGLE (Line Drive, 7S)
Batting: RHB Taua Naituyaga 0-0: Called Strike
Cheong-hun Kang steals 2nd base
0-1: Ground out 5-3 (Groundball, 56)
Batting: RHB John Shultz 0-0: Fly out, F8 (Flyball, 8LS)
Bottom of the 5th over - 0 runs, 1 hit, 0 errors, 1 left on base; Irving 3 - Long Island 1
TOP OF THE 6TH
Irving Blue Sox batting - Pitching for Long Island Seawolves : RHP Joe Wilson
Batting: LHB Brenton Winston 0-0: Called Strike
0-1: Ball
1-1: Called Strike
1-2: Ball
2-2: Ball
3-2: Foul Ball, location: 2F
3-2: Fly out, F8 (Flyball, 89M)
Batting: RHB Carlos Garza 0-0: Ball
1-0: Ground out 6-3 (Groundball, 6)
Batting: LHB Salvador Ramírez 0-0: SINGLE (Groundball, 4) (infield hit)
Batting: LHB Juan Jimínez 0-0: Called Strike
0-1: Swinging Strike
0-2: Foul Ball, location: 2F
0-2: Ball
1-2: Ball
2-2: Fielders Choice at 2nd, 5-4 (Groundball, 56)
Top of the 6th over - 0 runs, 1 hit, 0 errors, 1 left on base; Irving 3 - Long Island 1
BOTTOM OF THE 6TH
Long Island Seawolves batting - Pitching for Irving Blue Sox : LHP Craig Fitzgerald
Batting: RHB John Mayasich 0-0: Called Strike
0-1: Swinging Strike
0-2: Ball
1-2: Foul Ball, location: 2F
1-2: Ball
2-2: Strikes out swinging
Batting: RHB Domingo Morín 0-0: Ball
1-0: Swinging Strike
1-1: Ball
2-1: Called Strike
2-2: Ball
3-2: SINGLE (Groundball, 6MD)
Batting: RHB Javier De La Garza 0-0: SINGLE (Groundball, 3S) (infield hit)
Domingo Morín to second
Batting: SHB Alexei Ponikarov 0-0: Ball
1-0: Called Strike
1-1: SINGLE (Groundball, 34S) (infield hit)
Domingo Morín to third
Javier De La Garza to second
Batting: RHB Shigeaki Samurakami 0-0: Called Strike
0-1: Fly out, F8 (Flyball, 8LXD)
Runner from 3rd tags up, SCORES, no throw
Javier De La Garza to third
Batting: RHB Wes O'Mulhill 0-0: Ball
1-0: Called Strike
1-1: Foul Ball, location: 2F
1-2: Ball
2-2: SINGLE (Flyball, 8LS)
Javier De La Garza scores
Alexei Ponikarov to second
Runner from 2nd tries for 3rd, SAFE, no throw
Batting: SHB Cheong-hun Kang 0-0: Ball
1-0: Called Strike
1-1: Called Strike
1-2: SINGLE (Groundball, 56) (infield hit)
Alexei Ponikarov scores
Wes O'Mulhill to second
Batting: RHB Taua Naituyaga 0-0: Ball
1-0: Ball
2-0: Foul Ball, location: 2F
2-1: SINGLE (Groundball, 34D)
Wes O'Mulhill to third
Cheong-hun Kang to second
Runner from 3rd tries for Home, SAFE, no throw
Batting: RHB John Shultz 0-0: Foul Ball, location: 2F
0-1: Ball
1-1: Ball
2-1: Ball
3-1: Base on Balls
Cheong-hun Kang to third
Taua Naituyaga to second
Batting: RHB John Mayasich 0-0: Foul Ball, location: 2F
0-1: Ball
1-1: Ground out 4-3 (Groundball, 4)
Bottom of the 6th over - 4 runs, 6 hits, 0 errors, 3 left on base; Irving 3 - Long Island 5
TOP OF THE 7TH
Irving Blue Sox batting - Pitching for Long Island Seawolves : RHP Joe Wilson
Batting: LHB Rafael Longoria 0-0: Swinging Strike
0-1: Swinging Strike
0-2: Strikes out swinging
Batting: SHB Ryan Wood 0-0: Called Strike
0-1: Fly out, F5 (Popup, 5SF)
Batting: LHB Ed Gordon 0-0: Ball
1-0: Ball
2-0: Ball
3-0: Called Strike
3-1: Swinging Strike
3-2: Fly out, F6 (Flyball, 56D)
Top of the 7th over - 0 runs, 0 hits, 0 errors, 0 left on base; Irving 3 - Long Island 5
BOTTOM OF THE 7TH
Long Island Seawolves batting - Pitching for Irving Blue Sox : LHP Craig Fitzgerald
Batting: RHB Domingo Morín 0-0: Ball
1-0: Ball
2-0: Ball
3-0: Called Strike
3-1: Base on Balls
Batting: RHB Javier De La Garza 0-0: Ball
1-0: Sac Bunt - play at first, batter OUT! 3-4
Domingo Morín to second
Batting: SHB Alexei Ponikarov 0-0: Ball
1-0: Called Strike
1-1: Fly out, F8 (Flyball, 78D)
Batting: RHB Shigeaki Samurakami 0-0: Ball
1-0: Ball
2-0: Ball
3-0: Base on Balls
Pitching: RHP Pong-keun Ch'oe
Batting: RHB Wes O'Mulhill 0-0: Ball
1-0: Foul Ball, location: 2F
1-1: Fly out, F8 (Flyball, 8RM)
Bottom of the 7th over - 0 runs, 0 hits, 0 errors, 2 left on base; Irving 3 - Long Island 5
TOP OF THE 8TH
Irving Blue Sox batting - Pitching for Long Island Seawolves : RHP Joe Wilson
Now at 2B: Andrés Rodríguez
Batting: RHB Enrique Gómez 0-0: Foul Ball, location: 2F
0-1: SINGLE (Groundball, 6MS) (infield hit)
Batting: RHB Javier Sandoval 0-0: Called Strike
0-1: Grounds into double play, 4-6-3 (Groundball, 4)
Batting: LHB Brenton Winston 0-0: Ball
1-0: SOLO HOME RUN (Flyball, 9LD), Distance : 324 ft
Batting: RHB Carlos Garza 0-0: Ground out 4-3 (Groundball, 4MS)
Top of the 8th over - 1 run, 2 hits, 0 errors, 0 left on base; Irving 4 - Long Island 5
BOTTOM OF THE 8TH
Long Island Seawolves batting - Pitching for Irving Blue Sox : RHP Pong-keun Ch'oe
Batting: SHB Cheong-hun Kang 0-0: Ball
1-0: Fly out, F9 (Line Drive, 89D)
Batting: RHB Taua Naituyaga 0-0: Ball
1-0: Ball
2-0: Foul Ball, location: 2F
2-1: Swinging Strike
2-2: Ball
3-2: Strikes out looking
Batting: RHB John Shultz 0-0: Called Strike
0-1: SINGLE (Line Drive, 6MD)
Batting: RHB John Mayasich 0-0: Called Strike
0-1: Called Strike
0-2: Ball
1-2: Fly out, F9 (Line Drive, 89D)
Bottom of the 8th over - 0 runs, 1 hit, 0 errors, 1 left on base; Irving 4 - Long Island 5
TOP OF THE 9TH
Irving Blue Sox batting - Pitching for Long Island Seawolves : RHP Joe Wilson
Pitching: RHP Lonnie Zavala
Now in RF: Dennis Chase
Batting: LHB Salvador Ramírez 0-0: Ball
1-0: Swinging Strike
1-1: Foul Ball, location: 2F
1-2: Ball
2-2: Ground out 4-3 (Groundball, 4M)
Batting: LHB Juan Jimínez 0-0: Ball
1-0: Ball
2-0: Ball
3-0: Called Strike
3-1: Base on Balls
Batting: LHB Rafael Longoria 0-0: Called Strike
0-1: Called Strike
0-2: Foul Ball, location: 2F
0-2: Ball
1-2: Ball
2-2: SINGLE (Flyball, 3D)
Juan Jimínez to second
Runner from 2nd tries for 3rd, SAFE, no throw
Batting: SHB Ryan Wood 0-0: Called Strike
0-1: Ball
1-1: Swinging Strike
1-2: Ball
2-2: Foul Ball, location: 2F
2-2: Fly out, F9 (Flyball, 9LS)
Runner from 3rd tags up, SCORES, throw made
Batting: LHB Ed Gordon 0-0: Ball
1-0: TRIPLE (Flyball, 8LXD)
Rafael Longoria scores
Batting: RHB Enrique Gómez 0-0: Intentional Walk
Pinch Hitting: RHB José Alcalá 0-0: Fly out, F5 (Line Drive, 5)
Top of the 9th over - 2 runs, 2 hits, 0 errors, 2 left on base; Irving 6 - Long Island 5
BOTTOM OF THE 9TH
Long Island Seawolves batting - Pitching for Irving Blue Sox : RHP Pong-keun Ch'oe
Now at SS: Scotty Smalls
Batting: RHB Domingo Morín 0-0: Ball
1-0: Called Strike
1-1: Ball
2-1: Foul Ball, location: 2F
2-2: SINGLE (Groundball, 6MD)
Batting: RHB Javier De La Garza 0-0: Sac Bunt - play at first, batter OUT! 3-4
Domingo Morín to second
Batting: LHB Andrés Rodríguez 0-0: Called Strike
0-1: Ground out U3 (Groundball, 3L)
Domingo Morín to third
Batting: RHB Shigeaki Samurakami 0-0: Called Strike
0-1: Foul Ball, location: 2F
0-2: Ball
1-2: Foul Ball, location: 2F
1-2: Strikes out swinging
Bottom of the 9th over - 0 runs, 1 hit, 0 errors, 1 left on base; Irving 6 - Long Island 5
Friday, March 29th, 2019 - OOTP Baseball 18.8 Build 76